 Dungeon Crawl Stone Soup version 0.30-a0-715-gdb4ae3ece1 (webtiles) character file.

Game seed: 11345916140835016219

22174 sokol815 the Skirmisher (level 12, -2/105 HPs)
             Began as a Demigod Fighter on Jan 24, 2023.
             Slain by an orc knight
             ... wielding a +3 great sword
              (20 damage)
             ... on level 10 of the Dungeon.
             The game lasted 00:29:55 (13568 turns).

sokol815 the Skirmisher (Demigod Fighter)          Turns: 13568, Time: 00:29:56

Health: -2/105     AC: 14    Str: 17    XL:     12   Next: 29%
Magic:  15/15      EV: 20    Int: 10    God:
Gold:   1055       SH:  7    Dex: 29    Spells: 11/11 levels left

rFire   . . .      SeeInvis .    c - +4 sling (flame)
rCold   . . .      Faith    .    b - +1 buckler
rNeg    . . .      Spirit   .    z - +0 acid dragon scales
rPois   .          Reflect  .    p - +0 helmet
rElec   .          Harm     .    u - +0 cloak
rCorr   +          Rampage  .    (no gloves)
Will    +....                    B - +0 pair of boots
Stlth   ++                       e - amulet of the acrobat
HPRegen 0.37/turn                Z - ring of wizardry {Wiz+, !d}
MPRegen 0.14/turn                A - +4 ring of protection

@: no status effects
A: high MP 1, forlorn, divine attributes
a: no special abilities


You were on level 10 of the Dungeon.
You visited 2 branches of the dungeon, and saw 12 of its levels.
You also visited: Bailey.

You collected 1055 gold pieces.

Inventory:

Hand Weapons
 a - a +5 hand axe
   (You took it off a wight on level 7 of the Dungeon)
 c - a +4 sling of flaming (weapon)
   (You found it on level 1 of the Dungeon)
 k - a +0 whip of freezing
   (You took it off Pikel on level 5 of the Dungeon)
 r - a +5 spear
   (You took it off a wight on level 7 of the Dungeon)
 t - a +1 battleaxe
   (You took it off a wight on level 8 of the Dungeon)
 w - a +1 scimitar of flaming
   (You took it off an orc warrior on level 9 of the Dungeon)
 C - a +1 halberd of electrocution
   (You took it off a gnoll in a bailey)
 F - a +0 war axe
 K - a +1 heavy hand axe
   (You took it off an orc priest on level 10 of the Dungeon)
 O - a +2 dagger of electrocution
   (You took it off Josephine on level 10 of the Dungeon)
Missiles
 i - 8 poisoned darts
 n - 9 boomerangs
 s - 96 stones
Armour
 b - a +1 buckler (worn)
 f - a +0 scale mail
 h - a +0 ring mail
   (You found it on level 1 of the Dungeon)
 o - a +2 robe
   (You took it off Pikel on level 5 of the Dungeon)
 p - a +0 helmet (worn)
   (You found it on level 5 of the Dungeon)
 u - a +0 cloak (worn)
   (You found it on level 7 of the Dungeon)
 z - +0 acid dragon scales (worn)
   (You found it on level 9 of the Dungeon)
 B - a +0 pair of boots (worn)
   (You found it on level 9 of the Dungeon)
 P - a +1 leather armour of cold resistance
   (You took it off an orc on level 1 of the Orcish Mines)
Jewellery
 e - an amulet of the acrobat (around neck)
   (You found it on level 1 of the Dungeon)
 l - an amulet of guardian spirit
   (You found it on level 1 of the Dungeon)
 A - a +4 ring of protection (right hand)
   (You found it on level 6 of the Dungeon)
 Z - a ring of wizardry (left hand) {Wiz+, !d}
   (You found it on level 3 of the Dungeon)
Wands
 d - a wand of digging (4)
   (You found it on level 7 of the Dungeon)
 y - a wand of mindburst (4)
   (You took it off a wight on level 7 of the Dungeon)
Scrolls
 v - a scroll of fog
 E - a scroll of fear
 Y - 5 scrolls of teleportation {@r3}
Potions
 g - a potion of berserk rage {unknown}
 m - 5 potions of attraction {!q}
 q - 2 potions of might
 x - 2 potions of lignification {unknown}
 D - 2 potions of brilliance {unknown}
 G - a potion of cancellation {unknown}
 H - 8 potions of haste
 I - 4 potions of invisibility
 J - 2 potions of curing {@q1}
 L - a potion of flight
 M - 3 potions of magic
 N - a potion of heal wounds {@q2}
 U - 2 potions of mutation {!q}


   Skills:
 + Level 9.5 Fighting
 - Level 3.6 Axes
 - Level 14.0 Ranged Weapons
 - Level 2.6 Armour
 + Level 9.0 Dodging
 - Level 2.6 Shields


You had 11 spell levels left.
You didn't know any spells.
Your spell library contained the following spells:

 Spells                   Type           Power      Damage    Failure   Level
 Shock                    Conj/Air       0%         1d3       26%         1
 Summon Small Mammal      Summ           0%         N/A       26%         1
 Cigotuvi's Dreadful Rot  Necr/Pois/Air  0%         N/A       38%         2
 Poisonous Vapours        Pois/Air       0%         N/A       38%         2
 Static Discharge         Conj/Air       0%         2-2/arc   38%         2
 Call Canine Familiar     Summ           0%         N/A       58%         3
 Dazzling Flash           Conj/Hex       0%         N/A       58%         3
 Mephitic Cloud           Conj/Pois/Air  0%         N/A       58%         3
 Ozocubu's Armour         Ice            0%         N/A       58%         3
 Summon Guardian Golem    Hex/Summ       0%         N/A       58%         3
 Swiftness                Air            0%         N/A       58%         3
 Vhi's Electric Charge    Tloc/Air       0%         N/A       58%         3
 Airstrike                Air            0%         2d(0-16)  92%         4
 Animate Dead             Necr           0%         N/A       92%         4
 Agony                    Necr           0%         N/A       99%         5
 Arcjolt                  Conj/Air       0%         1d10      99%         5
 Borgnjor's Vile Clutch   Necr/Erth      0%         N/A       99%         5
 Lightning Bolt           Conj/Air       0%         1d11      99%         5
 Metabolic Englaciation   Hex/Ice        0%         N/A       99%         5
 Silence                  Hex/Air        0%         N/A       99%         5
 Death Channel            Necr           0%         N/A       100%        6
 Simulacrum               Ice/Necr       0%         N/A       100%        6


Dungeon Overview and Level Annotations

Branches:
Dungeon (11/15) Zot: 26284  Temple (0/1) D:4            Lair (0/5) D:9
    Orc (1/2) D:10 Zot: 5263  Bailey (visited)

Annotations:
D:5 1 runed translucent door, Crazy Yiuf
D:11 Lodul


Innate Abilities, Weirdness & Mutations

You have an increased reservoir of magic. (+10% MP)
You shall have no god before yourself.
Your divine heritage dramatically boosts your attributes as you level up.


Message History

There is a stone staircase leading down here.
Fire: c) +4 sling (flame)
Aim: an orc warrior, wielding a +0 war axe and wearing a +0 chain mail (heavily wounded, 73% to hit)
You shoot a sling bullet. The sling bullet hits the orc warrior.
The sling bullet burns the orc warrior.
The orc warrior closely misses you.
Fire: c) +4 sling (flame)
Aim: an orc warrior, wielding a +0 war axe and wearing a +0 chain mail (severely wounded, 73% to hit)
You shoot a sling bullet.
The sling bullet hits the orc warrior but does no damage.
Fire: c) +4 sling (flame)
Aim: an orc warrior, wielding a +0 war axe and wearing a +0 chain mail (severely wounded, 73% to hit)
You shoot a sling bullet.
The sling bullet hits the orc warrior but does no damage.
The orc warrior hits you but does no damage.
Fire: c) +4 sling (flame)
Aim: an orc warrior, wielding a +0 war axe and wearing a +0 chain mail (severely wounded, 73% to hit)
You shoot a sling bullet.
The sling bullet barely misses the orc warrior.
The orc warrior closely misses you.
Fire: c) +4 sling (flame)
Aim: an orc warrior, wielding a +0 war axe and wearing a +0 chain mail (severely wounded, 73% to hit)
You shoot a sling bullet.
The sling bullet barely misses the orc warrior.
The orc warrior closely misses you.
Fire: c) +4 sling (flame)
Aim: an orc warrior, wielding a +0 war axe and wearing a +0 chain mail (severely wounded, 73% to hit)
You shoot a sling bullet. The sling bullet hits the orc warrior!
The sling bullet burns the orc warrior.
You kill the orc warrior!
Things that are here:
a +0 war axe; a +0 chain mail; an orc corpse
There is a stone staircase leading down here.
You start resting.
Health restored: 105 You climb downwards.
The orc knight barely misses you.
There is a stone staircase leading up here.
Fire: c) +4 sling (flame)
Aim: an orc knight, wielding a +3 great sword and wearing a +1 chain mail of fire resistance (73% to hit)
You shoot a sling bullet. The sling bullet hits the orc knight.
The sling bullet burns the orc knight.
The orc knight hits you with a +3 great sword!!
You take 22 damage, and have 83/105 hp.
MASSIVE DAMAGE!!
Fire: c) +4 sling (flame)
Aim: an orc knight, wielding a +3 great sword and wearing a +1 chain mail of fire resistance (lightly wounded, 73% to hit)
You shoot a sling bullet.
The sling bullet barely misses the orc knight.
The orc knight hits you with a +3 great sword!
You take 16 damage, and have 67/105 hp.
Fire: c) +4 sling (flame)
Aim: an orc knight, wielding a +3 great sword and wearing a +1 chain mail of fire resistance (lightly wounded, 73% to hit)
You shoot a sling bullet.
The sling bullet closely misses the orc knight.
Fire: c) +4 sling (flame)
Aim: an orc knight, wielding a +3 great sword and wearing a +1 chain mail of fire resistance (lightly wounded, 73% to hit)
You shoot a sling bullet.
The sling bullet barely misses the orc knight.
The orc knight hits you with a +3 great sword!!
You take 19 damage, and have 48/105 hp.
Fire: c) +4 sling (flame)
Aim: an orc knight, wielding a +3 great sword and wearing a +1 chain mail of fire resistance (lightly wounded, 73% to hit)
You shoot a sling bullet.
The sling bullet barely misses the orc knight.
The orc knight completely misses you.
Fire: c) +4 sling (flame)
Aim: an orc knight, wielding a +3 great sword and wearing a +1 chain mail of fire resistance (lightly wounded, 73% to hit)
You shoot a sling bullet.
The sling bullet hits the orc knight but does no damage.
The orc knight completely misses you.
Fire: c) +4 sling (flame)
Aim: an orc knight, wielding a +3 great sword and wearing a +1 chain mail of fire resistance (lightly wounded, 73% to hit)
You shoot a sling bullet.
The sling bullet closely misses the orc knight.
You block the orc knight's attack.
Fire: c) +4 sling (flame)
Aim: an orc knight, wielding a +3 great sword and wearing a +1 chain mail of fire resistance (lightly wounded, 73% to hit)
You shoot a sling bullet. The sling bullet hits the orc knight.
The sling bullet burns the orc knight.
Aim: an orc knight, wielding a +3 great sword and wearing a +1 chain mail of fire resistance (lightly wounded, chance to affect: 47%)
The orc knight's mind is blasted!
The orc knight completely misses you.
Aim: an orc knight, wielding a +3 great sword and wearing a +1 chain mail of fire resistance (moderately wounded, will become a swamp drake, a wyvern, or a sky beast, chance to affect: 31%)
The orc knight easily resists.
The orc knight completely misses you.
Aim: an orc knight, wielding a +3 great sword and wearing a +1 chain mail of fire resistance (moderately wounded, will become a swamp drake, a wyvern, or a sky beast, chance to affect: 31%)
The orc knight easily resists.
The orc knight completely misses you.
Aim: an orc knight, wielding a +3 great sword and wearing a +1 chain mail of fire resistance (moderately wounded, will become a swamp drake, a wyvern, or a sky beast, chance to affect: 31%)
The orc knight easily resists.
The now-empty wand crumbles to dust.
The orc knight hits you with a +3 great sword!!
* * * LOW HITPOINT WARNING * * *
You take 22 damage, and have 28/105 hp.
MASSIVE DAMAGE!!
Aim: an orc knight, wielding a +3 great sword and wearing a +1 chain mail of fire resistance (moderately wounded, chance to affect: 47%)
The orc knight resists with some effort.
The orc knight hits you with a +3 great sword!
* * * LOW HITPOINT WARNING * * *
You take 10 damage, and have 18/105 hp.
Aim: an orc knight, wielding a +3 great sword and wearing a +1 chain mail of fire resistance (moderately wounded, chance to affect: 47%)
The orc knight resists with some effort.
The orc knight hits you with a +3 great sword!!
You die...

#.# #.W# #.#
#..########### ..#
#............# ###
#.#########..# #.#
#.## ######.# #.#
.......# #.#
..######## #o#
.........# #@#
#.######.# #.# #.#
#.# #.# #.#
###.### #.# ..#
#.....# #.#
#.####.###.#####.#
#......# #.......#
#..###.###>#######
....##...).#


You could see an orc knight.

Vanquished Creatures
  Josephine (D:10)
  2 two-headed ogres
  Amaemon (D:8)
  Pikel (D:5)
  2 orc knights
  An orc sorcerer (Orc:1)
  A cyclops (Orc:1)
  An orange demon (D:8)
  4 komodo dragons
  2 trolls (D:10)
  Prince Ribbit (D:5)
  A hornet (D:8)
  5 wyverns
  2 shadows (D:10)
  6 wraiths
  A basilisk (D:9)
  5 yaks (D:10)
  2 steam dragons (D:9)
  2 water moccasins
  An acid dragon (D:9)
  2 wargs (Orc:1)
  A two-headed ogre zombie (D:10)
  10 orc warriors
  3 ice beasts
  A black bear (D:4)
  5 ogres
  3 centaurs
  3 lemures
  4 phantoms
  2 bullfrogs
  3 necrophages
  2 scorpions
  8 wights
  13 killer bees (D:10)
  An electric eel (D:8)
  5 howler monkeys
  2 hounds
  A jelly (D:5)
  10 orc priests
  2 iguanas
  11 orc wizards
  7 ogre zombies (D:10)
  17 gnolls
  7 adders
  A shadow imp (D:6)
  6 white imps
  2 worms
  3 dart slugs
  54 orcs
  5 bats
  10 endoplasms
  6 giant cockroaches
  17 goblins
  10 hobgoblins
  5 jackals
  8 kobolds
  5 quokkas
  5 ball pythons
  3 frilled lizards
  3 goblin skeletons (D:10)
  4 goblin zombies (D:10)
  A hobgoblin skeleton (D:10)
  A hobgoblin zombie (D:10)
  An orc skeleton (D:10)
  15 orc zombies (D:10)
  5 rats
335 creatures vanquished.

Vanquished Creatures (others)
  An orc wizard (Orc:1)
  3 withered plants (D:10)
4 creatures vanquished.

Grand Total: 339 creatures vanquished

Notes
Turn   | Place    | Note
-------+----------+-------------------------------------------
     0 | D:1      | sokol815 the Demigod Fighter began the quest for the Orb.
     0 | D:1      | Reached XP level 1. HP: 18/18 MP: 3/3
    21 | D:1      | Reached skill level 2 in Axes
    94 | D:1      | Reached XP level 2. HP: 24/25 MP: 4/4
   183 | D:1      | Reached skill level 3 in Axes
   448 | D:1      | Reached XP level 3. HP: 30/30 MP: 5/5
   656 | D:2      | Reached skill level 1 in Ranged Weapons
   778 | D:2      | Reached XP level 4. HP: 17/37 MP: 1/6
   956 | D:2      | Reached skill level 2 in Ranged Weapons
  1348 | D:3      | Noticed an ogre
  1353 | D:3      | Killed an ogre
  1354 | D:3      | Reached skill level 3 in Ranged Weapons
  1354 | D:3      | Reached XP level 5. HP: 42/42 MP: 5/7
  1430 | D:3      | Reached skill level 4 in Ranged Weapons
  2043 | D:4      | HP: 10/42 [orc priest/divine providence (8)]
  2266 | D:4      | Reached XP level 6. HP: 47/50 MP: 8/8
  2582 | D:4      | Reached skill level 5 in Ranged Weapons
  2822 | D:4      | Found a staircase to the Ecumenical Temple.
  3035 | D:4      | Reached skill level 6 in Ranged Weapons
  3265 | D:5      | Entered Level 5 of the Dungeon
  3303 | D:5      | Reached XP level 7. HP: 50/56 MP: 9/9
  3628 | D:5      | Reached skill level 7 in Ranged Weapons
  3734 | D:5      | Noticed Prince Ribbit
  3756 | D:5      | Killed Prince Ribbit
  3967 | D:5      | Reached skill level 8 in Ranged Weapons
  4159 | D:5      | Found a runed translucent door.
  4160 | D:5      | Noticed Crazy Yiuf
  4474 | D:6      | HP: 12/56 [poisoned by a water moccasin]
  4475 | D:6      | Reached XP level 8. HP: 14/62 MP: 10/10
  4669 | D:6      | Noticed Pikel
  4915 | D:5      | Killed Pikel
  4916 | D:5      | Reached skill level 9 in Ranged Weapons
  4971 | D:6      | Reached skill level 10 in Ranged Weapons
  5827 | D:7      | Reached XP level 9. HP: 68/68 MP: 11/11
  5848 | D:7      | Reached skill level 11 in Ranged Weapons
  5860 | D:7      | HP: 10/68 [wight/+3 dire flail (14)]
  7225 | D:8      | Noticed Amaemon
  7230 | D:8      | Noticed an orange demon
  7241 | D:8      | HP: 14/68 [Amaemon/-2 demon whip of venom (5)]
  7245 | D:8      | Killed Amaemon
  7246 | D:8      | Reached skill level 12 in Ranged Weapons
  7405 | D:8      | Killed an orange demon
  7935 | D:8      | Paralysed by a hornet for 3 turns
  7939 | D:8      | HP: 13/68 [hornet (8)]
  8263 | D:8      | Reached skill level 13 in Ranged Weapons
  8327 | D:8      | Noticed a two-headed ogre
  8335 | D:8      | HP: 17/68 [two-headed ogre/+0 giant spiked club (2)]
  8337 | D:8      | Killed a two-headed ogre
  8338 | D:8      | Reached XP level 10. HP: 19/74 MP: 13/13
  9103 | D:9      | HP: 15/74 [something] (6)]
  9104 | D:9      | HP: 6/74 [something] (9)]
  9105 | D:9      | HP: 2/74 [something] (5)]
  9110 | D:9      | HP: 12/74 [something] (1)]
  9116 | D:9      | HP: 10/74 [something] (4)]
  9118 | D:9      | Reached skill level 14 in Ranged Weapons
  9254 | D:9      | Noticed a two-headed ogre
  9420 | D:9      | Reached skill level 3 in Fighting
  9420 | D:9      | Reached skill level 1 in Dodging
  9589 | D:9      | Found a flagged portal.
  9594 | Bailey   | Entered a bailey
  9786 | Bailey   | Reached skill level 2 in Dodging
  9788 | Bailey   | Noticed an orc knight
  9799 | Bailey   | Killed an orc knight
  9800 | Bailey   | Reached skill level 4 in Fighting
 10002 | Bailey   | Reached skill level 7 in Fighting
 10002 | Bailey   | Reached skill level 6 in Dodging
 10002 | Bailey   | Reached XP level 11. HP: 92/92 MP: 14/14
 10413 | D:9      | Killed a two-headed ogre
 10629 | D:9      | Reached skill level 7 in Dodging
 10640 | D:9      | Found a staircase to the Lair.
 10766 | D:10     | Entered Level 10 of the Dungeon
 11006 | D:10     | Reached skill level 8 in Fighting
 11033 | D:10     | Found a staircase to the Orcish Mines.
 11487 | D:10     | Noticed Josephine
 11507 | D:10     | Killed Josephine
 11674 | D:9      | Reached skill level 8 in Dodging
 11674 | D:9      | Reached XP level 12. HP: 94/103 MP: 15/15
 12155 | D:11     | Noticed Lodul
 12256 | Orc:1    | Entered Level 1 of the Orcish Mines
 12267 | Orc:1    | Reached skill level 9 in Fighting
 12680 | Orc:1    | Reached skill level 9 in Dodging
 13016 | Orc:1    | HP: 9/105 [orc knight/+3 great sword (30)]
 13300 | D:10     | HP: 19/105 [orc warrior/+0 war axe (15)]
 13567 | D:10     | HP: 18/105 [orc knight/+3 great sword (11)]
 13568 | D:10     | Slain by an orc knight

Illustrated notes

Levels and vault maps discovered:
D:1:      dpeg_arrival_tiny_a, layout_rooms, chequers_serial_rivers_small_3
D:2:      layout_rooms
D:3:      layout_rooms, lemuel_tele_altar,
          shapermc_ecumenical_altar_mp_highgroup, kennysheep_generic_room_3
D:4:      layout_loops_corners, minmay_temple_entry_from_below_a
D:5:      layout_loops_cross, lemuel_doored_altar, uniq_prince_ribbit1,
          uniq_crazy_yiuf_cottage
D:6:      layout_gridville, nicolae_uskayaw_suspiria, kennysheep_slug_shrine,
          overflow_temple_1_default, uniq_pikel
D:7:      layout_loops_ring
D:8:      layout_layer_cave, nicolae_qazlal_style_of_elements,
          kennysheep_diamond, uniq_amaemon
D:9:      layout_loops_ring, erik_lair_dragon, enter_bailey_3
D:10:     layout_loops_ring, chequers_temple_overflow_minitemple,
          yredelemnul_altar_generic, zombieorc2_lemuel, uniq_josephine
D:11:     layout_cross, uniq_erolcha, uniq_lodul
Orc:1:    layout_diamond_mine, basic_altar, special_room [special_room_orc]

Skill      XL: |  1  2  3  4  5  6  7  8  9 10 11 12 |
---------------+-------------------------------------+-----
Axes           | 2 3 |  3.6
Ranged Weapons | 1 3 4 6 8 10 13 14 | 14.0
Fighting       | 7 8 9 |  9.5
Dodging        | 6 8 9 |  9.0
Armour         | |  2.6
Shields        | |  2.6

Action                     |  1- 3 |  4- 6 |  7- 9 | 10-12 || total
---------------------------+-------+-------+-------+-------++-------
  Melee: War axe           |    94 |     2 |    13 |       ||   109
         Hand axe          |       |       |    28 |     9 ||    37
   Fire: Sling             |    15 |   154 |   316 |   648 ||  1133
  Evoke: Wand              |       |       |     1 |    17 ||    18
    Use: Potion            |     1 |       |     9 |     4 ||    14
         Scroll            |       |     7 |     7 |     3 ||    17
 Armour: Scale mail        |    43 |    36 |    17 |       ||    96
         Ring mail         |       |       |    58 |     9 ||    67
         Acid dragon scale |       |       |       |    36 ||    36
  Dodge: Dodged            |    43 |    20 |   117 |   161 ||   341
  Block: Buckler           |    20 |    21 |    49 |    80 ||   170

Table legend: (Time is in decaauts)
 A = Elapsed time spent in this place.
 B = Non-inter-level travel time spent in this place.
 C = Inter-level travel time spent in this place.
 D = Time resting spent in this place.
 E = Time spent auto-exploring this place.
 F = Levels seen in this place.
 G = Mean time per level.
                   A        B        C        D        E       F      G
               +--------+--------+--------+--------+--------+-----+--------+
         Total |  13595 |  12839 |    756 |   2980 |   7245 |  13 | 1045.8 |
       Dungeon |  12333 |  11577 |    756 |   2633 |   6634 |  11 | 1121.2 |
  Orcish Mines |    736 |    736 |      0 |    105 |    431 |   1 |  736.0 |
        Bailey |    525 |    525 |      0 |    242 |    180 |   1 |  525.0 |
               +--------+--------+--------+--------+--------+-----+--------+

Top non-repeatable levels by time:
     D:8: 2176 daAuts
    D:10: 1494 daAuts
     D:9: 1458 daAuts
     D:5: 1296 daAuts
     D:6: 1210 daAuts
     D:4: 1158 daAuts
     D:7: 1074 daAuts
     D:3: 1018 daAuts
   Orc:1: 736 daAuts
     D:1: 687 daAuts
     D:2: 628 daAuts
  Bailey: 525 daAuts
    D:11: 132 daAuts

Table legend:
 A = Kills in this place as a percentage of kills in entire the game.
 B = Kills by you in this place as a percentage of kills by you in the entire game.
 C = Kills by friends in this place as a percentage of kills by friends in the entire game.
 D = Other kills in this place as a percentage of other kills in the entire game.
 E = Experience gained in this place as a percentage of experience gained in the entire game.
 F = Experience gained in this place divided by the number of levels of this place that you have seen.
                   A       B       C       D       E      F
               +-------+-------+-------+-------+-------+----------------------
         Total | 100.0 | 100.0 |   N/A |   N/A | 100.0 | 1694.5
       Dungeon |  79.8 |  79.8 |   N/A |   N/A |  81.5 | 1631.8
  Orcish Mines |  13.9 |  13.9 |   N/A |   N/A |  15.1 | 3324.0
        Bailey |   6.3 |   6.3 |   N/A |   N/A |   3.4 | 755.0
               +-------+-------+-------+-------+-------+----------------------
